 Dungeon Crawl Stone Soup version 0.20.1-1-g8b1a95d (console) character file.

64 hilaritas the Chiller (level 3, 0/19 HPs)
             Began as a Deep Elf Ice Elementalist on Aug 27, 2017.
             Slain by an orc wizard
             ... wielding a +0 dagger
              (1 damage)
             ... on level 3 of the Dungeon.
             The game lasted 00:04:34 (2725 turns).

hilaritas the Chiller (Deep Elf Ice Elementalist)   Turns: 2725, Time: 00:04:34

Health: 0/19       AC:  7    Str: 11    XL:     3   Next: 91%
Magic:  4/9        EV: 13    Int: 19    God:
Gold:   117        SH:  0    Dex: 15    Spells: 2/8 levels left

rFire    . . .     SeeInvis .   k - +0 dagger
rCold    . . .     Gourm    .   (no shield)
rNeg     . . .     Faith    .   a - +0 robe
rPois    .         Spirit   .   (no helmet)
rElec    .         Reflect  .   (no cloak)
rCorr    .         Harm     .   (no gloves)
MR       .....                  (no boots)
Stlth    +.........             (no amulet)
Regen    0.1/turn               (no ring)
MPRegen  0.2/turn               (no ring)

@: confused, mighty, icy armour, slow
A: no striking features
a: no special abilities


You were on level 3 of the Dungeon.
You were not hungry.

You visited 1 branch of the dungeon, and saw 3 of its levels.

You collected 117 gold pieces.

Inventory:

Hand Weapons
 k - a +0 dagger (weapon)
Missiles
 h - 125 stones (quivered)
Armour
 a - a +0 robe (worn)
Scrolls
 d - 2 scrolls of fear {unknown}
 e - 4 scrolls of remove curse {unknown}
 i - 2 scrolls of enchant armour {unknown}
 j - 5 scrolls of identify {unknown}
 m - a scroll of teleportation {unknown}
 q - a scroll of fog {unknown}
Potions
 f - a potion of might
 g - a potion of curing {unknown}
Books
 b - a book of Frost

   Spells                             Type                      Level
   a - Freeze                         Ice                          1
   b - Throw Frost                    Conjuration/Ice              2
   c - Ozocubu's Armour               Charms/Ice                   3
   d - Throw Icicle                   Conjuration/Ice              4
   e - Summon Ice Beast               Ice/Summoning                4
Comestibles
 c - a bread ration
 l - a meat ration
 n - 4 fruits
 o - a royal jelly
 p - 5 chunks of flesh


   Skills:
 - Level 2.4 Dodging
 - Level 2.4 Stealth
 - Level 3.0 Spellcasting
 * Level 2.1 Conjurations
 + Level 4.9 Ice Magic


You had 2 spell levels left.
You knew the following spells:

 Your Spells              Type           Power        Failure   Level  Hunger
a - Freeze                Ice            ###.         1%          1    None
b - Throw Frost           Conj/Ice       ###...       5%          2    ##.....
c - Ozocubu's Armour      Chrm/Ice       ##......     17%         3    ###....


Dungeon Overview and Level Annotations

Branches:
Dungeon (3/15)

Altars:
Ashenzari


Message History

a flail; a scale mail The orc wizard casts a spell at you.
The puff of flame hits you!
Ouch! That really hurt!
* * * LOW HITPOINT WARNING * * *
You hear some strange, mumbled words.
You are confused.
The heat melts your icy armour. Something hits you but does no damage.
Things that are here:
a flail; a scale mail You bump into the rock wall.
You hear some strange, mumbled words.
A magic dart appears from out of thin air!
The magic dart hits you!
* * * LOW HITPOINT WARNING * * *
It was a potion of might.
You feel very mighty all of a sudden. Something hits you.
You die...

...>....###...#########.##.#
##..##### ##.###.....##.##..
# #######...##.###.##(.....
........#......#.#####....
#######...##.#.#.# ######
##.###.....# .... ###.###
#.#.#.###.# ......o.@..#
###.#.#o##### .<. ...# .##


You could see an orc wizard and an orc.

Vanquished Creatures
  A worm (D:2)
  4 leopard geckos
  3 orcs (D:3)
  3 giant cockroaches
  4 goblins
  6 hobgoblins
  8 kobolds
  4 quokkas
  8 bats
  4 frilled lizards
  5 rats (D:2)
50 creatures vanquished.

Notes
Turn   | Place    | Note
-------+----------+-------------------------------------------
     0 | D:1      | hilaritas the Deep Elf Ice Elementalist began the quest for the Orb.
     0 | D:1      | Reached XP level 1. HP: 10/10 MP: 6/6
   396 | D:1      | Reached XP level 2. HP: 15/15 MP: 5/8
   397 | D:1      | Reached skill level 4 in Ice Magic
   457 | D:1      | Learned a level 2 spell: Throw Frost
  1457 | D:2      | Reached XP level 3. HP: 19/19 MP: 7/9
  1584 | D:2      | Learned a level 3 spell: Ozocubu's Armour
  1863 | D:2      | Found a shattered altar of Ashenzari.
  2725 | D:3      | Slain by an orc wizard

Skill      XL: |  1  2  3 |
---------------+----------+-----
Ice Magic      | 4 |  4.9
Conjurations   | 2 |  2.1
Dodging        | |  2.4
Stealth        | |  2.4
Spellcasting   | |  3.0

Action                   || total
-------------------------++-------
Melee: Dagger            ||     1
 Cast: Freeze            ||    75
       Ozocubu's Armour  ||     1
  Use: Potion            ||     1
  Eat: Chunk             ||     5
Armor: Robe              ||    11
Dodge: Dodged            ||    40
